 Dungeon Crawl Stone Soup version 0.17.0-17-ge4ba49f (webtiles) character file.

271 Clownie the Covert (level 6, -1/39 HPs)
             Began as an Octopode Assassin on Nov 11, 2015.
             Was a Follower of Ashenzari.
             Slain by a phantom (9 damage)
             ... on level 4 of the Dungeon.
             The game lasted 00:05:01 (3065 turns).

Clownie the Covert (Octopode Assassin)              Turns: 3065, Time: 00:05:01

Health: -1/39      AC:  1    Str: 10    XL:     6   Next: 23%
Magic:  6/6        EV: 17    Int: 13    God:    Ashenzari [*.....]
Gold:   137        SH:  0    Dex: 21    Spells: 0 memorised, 5 levels left

rFire  . . .     SeeInvis .     u - -2 dagger (curse)
rCold  . . .     Clarity  .     (no shield)
rNeg   . . .     SustAt   .     (helmet restricted)
rPois  .         Gourm    .     (no amulet)
rElec  .         Spirit   .     (no ring)
rCorr  .         Warding  .     (no ring)
rMut   .         Stasis   .     (no ring)
MR     .....                    (no ring)
Stlth  +++++++...               (no ring)
                                (no ring)
                                (no ring)
                                (no ring)

@: agile, not resistant to hostile enchantments, extremely stealthy
A: almost no armour, amphibious, 8 rings, constrict 8, camouflage 1, gelatinous
body 1
a: Scrying, Renounce Religion


You were on level 4 of the Dungeon.
You worshipped Ashenzari.
Ashenzari was aware of your devotion.
You were not hungry.

You visited 1 branch of the dungeon, and saw 4 of its levels.

You collected 137 gold pieces.

Inventory:

Hand Weapons
 a - a +2 dagger
 b - a +0 blowgun
 u - a cursed -2 dagger (weapon)
Missiles
 c - 38 poisoned needles
 d - 2 curare-tipped needles
Wands
 v - a wand of confusion (16)
Scrolls
 g - 2 scrolls of remove curse
 h - 2 scrolls of enchant armour {unknown}
 k - 3 scrolls of identify
 l - 2 scrolls of teleportation {unknown}
 n - a scroll of immolation {unknown}
 s - a scroll of noise {unknown}
 t - a scroll of enchant weapon {unknown}
Potions
 m - a potion of agility
 o - a potion of flight
 q - 2 potions of lignification
 r - a potion of might
Comestibles
 e - 4 bread rations
 f - a slice of pizza
 j - 3 meat rations
 p - a beef jerky
 w - a chunk of flesh


   Skills:
 - Level 2.0 Fighting
 - Level 2.0 Short Blades
 - Level 2.0 Throwing
 - Level 1.0 Dodging
 - Level 10.0 Stealth
 + Level 1.1 Unarmed Combat


You had 5 spell levels left.
You didn't know any spells.

Dungeon Overview and Level Annotations

Branches:
Dungeon (4/15)
 Temple: D:4-7

Altars:
Ashenzari
Cheibriados
Okawaru
The Shining One


Innate Abilities, Weirdness & Mutations

You cannot wear most types of armour.
You are amphibious.
You can wear up to eight rings at the same time.
You can use your tentacles to constrict eight enemies at once.
Your skin changes colour to match your surroundings (Stealth).
Your rubbery body absorbs attacks (AC +1).


Message History

Press: ? - help, Shift-Dir - straight line, f/p - phantom
Aim: a phantom (severely damaged, chance to defeat MR: 28%)
The phantom easily resists.
Evoking this partially-identified wand wasted a few charges.
Evoke which item? (* to show all) (? for menu, Esc to quit)
Okay, then.
You are too injured to fight recklessly!
You closely miss the phantom.
The phantom is severely damaged.
The phantom hits you.
* * * LOW HITPOINT WARNING * * *
You miss the phantom.
The phantom is severely damaged.
You hit the phantom but do no damage.
The phantom is severely damaged.
The phantom barely misses you.
You closely miss the phantom. Your squeeze misses the phantom.
The phantom is severely damaged.
The phantom hits you!
You die...

####### #)# #.#...
#...... .#.# #.#...
....... .#.#.##.....
.......#####.#.#....#...
........$...[#.####..<..
.............#......#.#.
##......[....######.#.#
#....W.......#.......#
#.....@......#.......#
#....................#
#######....$......>..#
#####............
#######...... #......
#...... ...... .#...


You could see a phantom.

Vanquished Creatures
  A scorpion (D:3)
  An orc priest (D:3)
  A worker ant (D:4)
  An orc wizard (D:3)
  2 adders
  4 gnolls (D:2)
  2 oozes
  An adder zombie (D:3)
  2 worms
  A giant gecko (D:1)
  6 orcs (D:3)
  8 goblins
  4 hobgoblins
  2 jackals (D:3)
  A ball python (D:1)
  6 bats
  3 giant cockroaches
  7 giant newts
  5 kobolds
  9 rats
67 creatures vanquished.

Notes
Turn   | Place    | Note
--------------------------------------------------------------
     0 | D:1      | Clownie the Octopode Assassin began the quest for the Orb.
     0 | D:1      | Reached XP level 1. HP: 14/14 MP: 1/1
   100 | D:1      | Found a shattered altar of Ashenzari.
   129 | D:1      | Reached XP level 2. HP: 19/19 MP: 2/2
   131 | D:1      | Reached skill level 6 in Stealth
   267 | D:1      | Became a worshipper of Ashenzari the Shackled
   752 | D:2      | Reached XP level 3. HP: 24/24 MP: 3/3
   812 | D:2      | Found a snail-covered altar of Cheibriados.
   907 | D:2      | Reached skill level 7 in Stealth
  1251 | D:2      | Reached XP level 4. HP: 18/29 MP: 4/4
  1551 | D:2      | Reached skill level 8 in Stealth
  1679 | D:2      | Reached * piety under Ashenzari
  1688 | D:2      | Found an iron altar of Okawaru.
  1853 | D:3      | Reached XP level 5. HP: 19/34 MP: 5/5
  2050 | D:3      | Reached skill level 9 in Stealth
  2644 | D:3      | Found a glowing golden altar of the Shining One.
  2647 | D:3      | Reached XP level 6. HP: 39/39 MP: 6/6
  2922 | D:3      | Reached skill level 10 in Stealth
  3001 | D:4      | Reached skill level 1 in Unarmed Combat
  3065 | D:4      | Slain by a phantom

Action                   |  1- 3 |  4- 6 || total
-------------------------+-------+-------++-------
Melee: Dagger            |    56 |   109 ||   165
 Fire: Blowgun           |     4 |     3 ||     7
Evoke: Wand              |       |     2 ||     2
  Use: Scroll            |       |     5 ||     5
       Potion            |       |     2 ||     2
 Stab: Sleeping          |    12 |    14 ||    26
  Eat: Chunk             |     1 |     6 ||     7
